 Dungeon Crawl Stone Soup version 0.30.0-15-g856e2d3f33 (webtiles) character file.

Game seed: 8528403451264254743

640 Jackthecabe the Trooper (level 7, -2/46 HPs)
             Began as a Kobold Hexslinger on May 18, 2023.
             Succumbed to a kobold brigand's poison
             ... in a sewer.
             The game lasted 00:15:54 (5474 turns).

Jackthecabe the Trooper (Kobold Hexslinger)         Turns: 5474, Time: 00:15:55

Health: -2/46      AC: 11    Str: 10    XL:     7   Next: 80%
Magic:  11/11      EV: 13    Int: 15    God:
Gold:   159        SH:  0    Dex: 17    Spells: 11/12 levels left

rFire   + . .        b - +3 flail "Kunko" {freeze, rC+ Str+3 SInv}
rCold   + . .        (no shield)
rNeg    + . .        k - +0 ring mail {rF+}
rPois   .            m - +0 helmet
rElec   .            (no cloak)
rCorr   .            h - +0 pair of gloves
SInv    +            (no boots)
Will    .....        (no amulet)
Stlth   +++          y - +4 ring of protection
HPRegen 0.27/turn    x - ring of positive energy {rN+}
MPRegen 0.12/turn

%: no passive effects
@: lethally poisoned (-2 -> -17)
A: small, no large weapons, nightstalker 3
a: no special abilities


You were in a sewer.
You visited 1 branch of the dungeon, and saw 5 of its levels.
You also visited: Sewer.

You collected 159 gold pieces.

Inventory:

Hand Weapons
 a - a +1 sling
 b - the +3 flail "Kunko" (weapon) {freeze, rC+ Str+3 SInv}
   (You found it on level 4 of the Dungeon)

   Str:       It affects your strength (+3).
   rC:        It protects you from cold.
   SInv:      It lets you see invisible.
 g - a +0 dagger
   (You took it off a goblin on level 1 of the Dungeon)
Missiles
 p - 7 poisoned darts
Armour
 c - a +0 robe
 h - a +0 pair of gloves (worn)
   (You found it on level 1 of the Dungeon)
 k - a +0 ring mail of fire resistance (worn)
   (You found it on level 1 of the Dungeon)
 l - an orb of mayhem
   (You found it on level 2 of the Dungeon)
 m - a +0 helmet (worn)
   (You found it on level 2 of the Dungeon)
Jewellery
 x - a ring of positive energy (right hand) {rN+}
   (You found it on level 4 of the Dungeon)
 y - a +4 ring of protection (left hand)
   (You found it on level 4 of the Dungeon)
Scrolls
 d - 2 scrolls of identify {unknown}
 e - a scroll of silence {unknown}
 n - 3 scrolls of teleportation {unknown}
 o - a scroll of fog {unknown}
 q - a scroll of magic mapping {unknown}
 r - 4 scrolls of blinking {unknown}
 t - a scroll of enchant armour {unknown}
 z - a scroll of vulnerability {unknown}
 A - a scroll of fear {unknown}
 B - a scroll of noise {unknown}
Potions
 i - a potion of heal wounds {unknown}
 j - a potion of degeneration {unknown}
 s - a potion of ambrosia {unknown}
 v - a potion of flight {unknown}
 w - a potion of mutation {unknown}
 C - a potion of magic


   Skills:
 - Level 6.0 Fighting
 - Level 4.0 Ranged Weapons
 - Level 2.4 Dodging
 + Level 4.6 Stealth
 - Level 3.0 Spellcasting
 - Level 4.0 Hexes


You had 11 spell levels left.
You knew the following spells:

 Your Spells              Type           Power      Damage    Failure   Level
s - Slow                  Hex            56%        N/A       10%         1

Your spell library contained the following spells:

 Spells                   Type           Power      Damage    Failure   Level
 Confusing Touch          Hex            14%        N/A       30%         3
 Kiss of Death            Conj/Necr      8%         2d6       45%         1
 Inner Flame              Hex/Fire       8%         N/A       56%         3
 Portal Projectile        Hex/Tloc       16%        N/A       56%         3
 Cause Fear               Hex            7%         N/A       69%         4
 Call Canine Familiar     Summ           2%         N/A       83%         3
 Stone Arrow              Conj/Erth      4%         3d7       83%         3
 Leda's Liquefaction      Hex/Erth       4%         N/A       92%         4
 Animate Armour           Summ/Erth      4%         N/A       99%         4
 Dispel Undead            Necr           2%         3d7       99%         4
 Lehudib's Crystal Spear  Conj/Erth      1%         10d2      100%        8


Dungeon Overview and Level Annotations

Branches:
Dungeon (5/15)              Sewer (1/1)
 Temple: D:4-7

Altars:

Annotations:
D:3 exclusion: downstairs, Grinder


Innate Abilities, Weirdness & Mutations

You are small and have problems with some larger weapons.
You are completely attuned to the shadows.


Message History

You sock the kobold brigand! You freeze the kobold brigand.
You feel very sick.
The kobold brigand hits you with a +1 dagger of venom.
You are lethally poisoned!
The kobold brigand hits you but does no damage.
You take 10 damage, and have 18/46 hp.
MASSIVE DAMAGE!!
You feel better.
The kobold brigand hits you but does no damage.
The kobold hits you but does no damage.
You regained 12 hp, and now have 30/46 hp.
What are your orders? t - Shout!
Orders for allies: a - Attack new target. r - Retreat! s - Stop attacking. g - Guard the area. f - Follow me.
Anything else - Cancel.
Okay, then.
The kobold brigand hits you but does no damage.
You hit the kobold brigand. You freeze the kobold brigand.
The kobold hits you but does no damage.
The kobold brigand hits you with a +0 whip.
You completely miss the kobold brigand. The kobold hits you but does no damage.
The kobold brigand hits you but does no damage. x2
You are poisoned.
The kobold barely misses you. The kobold brigand barely misses you.
You sock the kobold brigand! You freeze the kobold brigand.
You feel very sick.
The kobold brigand hits you but does no damage.
You are more poisoned.
The kobold hits you but does no damage.
The kobold brigand hits you with a +0 whip.
The kobold brigand misses you.
You take 7 damage, and have 23/46 hp.
Unknown command.
You hit the kobold brigand. You freeze the kobold brigand.
You feel very sick. The kobold hits you but does no damage.
The kobold brigand barely misses you.
The kobold brigand hits you with a +1 dagger of venom.
You are lethally poisoned!
The kobold misses you.
The kobold brigand hits you with a +0 whip.
* * * LOW HITPOINT WARNING * * *
You take 13 damage, and have 10/46 hp.
MASSIVE DAMAGE!!
Okay, then.
Unknown command.
You feel better. The kobold brigand closely misses you.
The kobold barely misses you.
The kobold brigand hits you but does no damage.
You regained 11 hp, and now have 21/46 hp.
Unknown command.
You hit the kobold brigand. You freeze the kobold brigand.
You kill the kobold brigand!
The kobold brigand barely misses you.
Your Stealth skill increases to level 4!
You sock the kobold! You freeze the kobold.
You kill the kobold!
The kobold brigand misses you.
The kobold brigand hits you with a +1 dagger of venom.
You are poisoned.
You take 2 damage, and have 19/46 hp.
You thump the kobold brigand! You freeze the kobold brigand.
You feel very sick. The kobold closely misses you.
The kobold brigand barely misses you. The kobold barely misses you.
The kobold hits you but does no damage.
You take 4 damage, and have 15/46 hp.
You hit the kobold brigand. You freeze the kobold brigand.
You feel sick. The kobold hits you but does no damage.
The kobold brigand closely misses you. The kobold hits you but does no damage.
The kobold brigand hits you with a +1 dagger of venom.
* * * LOW HITPOINT WARNING * * *
The kobold hits you but does no damage.
You take 4 damage, and have 11/46 hp.
You barely miss the kobold brigand.
You feel sick. The kobold hits you but does no damage.
The kobold brigand hits you but does no damage.
The kobold hits you with a +0 dagger.
* * * LOW HITPOINT WARNING * * *
The kobold closely misses you.
You take 5 damage, and have 6/46 hp.
Unknown command.
You feel better. The kobold closely misses you. The kobold brigand misses you.
The kobold hits you with a +0 short sword.
* * * LOW HITPOINT WARNING * * *
You regained 4 hp, and now have 10/46 hp.
Unknown command.
You miss the kobold brigand. The kobold closely misses you.
The kobold brigand barely misses you. The kobold misses you.
You closely miss the kobold brigand. The kobold hits you but does no damage.
The kobold brigand hits you with a +1 dagger of venom.
* * * LOW HITPOINT WARNING * * *
You are lethally poisoned!
The kobold barely misses you.
The kobold brigand hits you with a +1 dagger of venom.
* * * LOW HITPOINT WARNING * * *
The kobold hits you with a +0 dagger.
* * * LOW HITPOINT WARNING * * *
You take 9 damage, and have 2/46 hp.
Unknown command.
It was a potion of magic.
Magic courses through your body.
You die...

#### ### ##..####.###
...........#####
............†..###
...†...........K@#
...†.........P.KK## ##
................))#..K
.~.P.....~~~...~~.'.!.
~P~...~~~~~~....~~'!.∩
P~~PP.~~~~~P~P.~~~#...
#~#######~############
~~~~~~~~~~~
~≈≈≈≈≈~≈≈≈≈


You could see a kobold brigand and 2 kobolds.

Vanquished Creatures
  2 kobold brigands (Sewer)
  A scorpion (D:4)
  A jelly (D:5)
  3 orc priests (D:3 D:4)
  3 hounds (D:4 D:5)
  4 gnolls (D:2 D:3)
  9 adders (D:2 D:4 D:5)
  A river rat (D:5)
  6 worms (D:2 D:3 D:5)
  A dart slug (D:2)
  13 orcs (D:3 D:4)
  8 ball pythons (D:1 D:2 D:3 D:4 Sewer)
  4 endoplasms (D:2 D:4 Sewer)
  2 giant cockroaches (D:3 Sewer)
  6 goblins (D:1 D:2 D:4)
  2 hobgoblins (D:2)
  3 jackals (D:1)
  12 kobolds (D:1 D:2 D:4 Sewer)
  2 quokkas (D:1 D:2)
  4 bats (D:1 D:3 Sewer)
  5 frilled lizards (D:1 D:2 D:3 Sewer)
  7 rats (D:1 D:2 D:3 D:5 Sewer)
99 creatures vanquished.

Notes
Turn   | Place    | Note
-------+----------+-------------------------------------------
     0 | D:1      | Jackthecabe the Kobold Hexslinger began the quest for the
                  | Orb.
     0 | D:1      | Reached XP level 1. HP: 12/12 MP: 2/2
   224 | D:1      | HP: 6/12 [jackal (3)]
   230 | D:1      | Reached skill level 2 in Fighting
   230 | D:1      | Reached XP level 2. HP: 10/17 MP: 3/3
   393 | D:1      | HP: 8/18 [ball python (2)]
   968 | D:2      | Reached skill level 3 in Fighting
   968 | D:2      | Reached XP level 3. HP: 14/23 MP: 0/4
  1452 | D:2      | HP: 11/24 [gnoll/+0 spear (5)]
  1560 | D:2      | Reached XP level 4. HP: 29/29 MP: 5/5
  1647 | D:2      | Reached skill level 4 in Fighting
  2004 | D:2      | HP: 15/30 [gnoll/+0 spear (2)]
  2006 | D:2      | Reached XP level 5. HP: 17/34 MP: 6/6
  2202 | D:3      | Noticed Grinder
  2297 | D:3      | Reached skill level 5 in Fighting
  2301 | D:3      | HP: 13/35 [orc priest/nerve-wracking pain (13)]
  2309 | D:3      | HP: 7/35 [orc priest/+0 whip (5)]
  2319 | D:3      | HP: 9/35 [orc/+0 whip (4)]
  2328 | D:4      | HP: 11/35 [orc/+0 whip (1)]
  2719 | D:4      | HP: 17/35 [scorpion (4)]
  2724 | D:3      | HP: 11/35 [poisoned by a scorpion]
  3355 | D:3      | HP: 14/36 [orc priest/divine providence (14)]
  3359 | D:3      | HP: 6/36 [orc priest/+0 mace (1)]
  3401 | D:3      | HP: 7/36 [orc priest/divine providence (10)]
  3519 | D:3      | Reached XP level 6. HP: 26/41 MP: 5/7
  3958 | D:3      | Found a faded altar of an unknown god.
  4013 | D:4      | Reached skill level 6 in Fighting
  4086 | D:4      | HP: 20/41 [poisoned by a scorpion]
  4267 | D:4      | HP: 14/41 [orc priest/divine providence (13)]
  4270 | D:4      | HP: 6/41 [orc/+0 hand axe (4)]
  4418 | D:4      | Reached skill level 2 in Spellcasting
  4471 | D:4      | Identified the +3 flail "Kunko" {freeze, rC+ Str+3 SInv}
  4554 | D:4      | Noticed an orc warrior
  4586 | D:4      | HP: 20/41 [orc warrior/+0 glaive (2)]
  4923 | D:5      | Entered Level 5 of the Dungeon
  4935 | D:5      | HP: 19/41 [jelly (2)]
  5081 | D:5      | Reached skill level 4 in Hexes
  5085 | D:5      | Reached XP level 7. HP: 30/46 MP: 9/11
  5099 | D:5      | Reached skill level 3 in Spellcasting
  5121 | D:5      | Reached skill level 3 in Ranged Weapons
  5157 | D:5      | Reached skill level 4 in Ranged Weapons
  5186 | D:5      | Reached skill level 1 in Stealth
  5227 | D:5      | Found a glowing drain.
  5231 | Sewer    | Entered a sewer
  5318 | Sewer    | Reached skill level 2 in Stealth
  5454 | Sewer    | Reached skill level 3 in Stealth
  5457 | Sewer    | HP: 18/46 [kobold brigand/+1 dagger of venom (6)]
  5463 | Sewer    | HP: 23/46 [kobold brigand/+0 whip (4)]
  5464 | Sewer    | HP: 10/46 [kobold brigand/+0 whip (5)]
  5467 | Sewer    | Reached skill level 4 in Stealth
  5469 | Sewer    | HP: 14/46 [poisoned by a kobold brigand]
  5470 | Sewer    | HP: 6/46 [kobold/+0 dagger (3)]
  5473 | Sewer    | HP: 2/46 [kobold/+0 dagger (2)]
  5474 | Sewer    | Succumbed to a kobold brigand's poison

Illustrated notes

Levels and vault maps discovered:
D:1:      dpeg_arrival_connections, layout_loops_ring, serial_glass,
          glass_columns_a, glass_columns_c, glass_columns_a, glass_columns_a,
          glass_columns_c, nrook_mini_backslash
D:2:      layout_basic
D:3:      layout_loops_cross, shapermc_ecumenical_altar_starsandcircs,
          uniq_grinder
D:4:      layout_basic
D:5:      layout_cave_pools, minmay_temple_entry_fiery,
          lightli_sewer_entry_pipes, nicolae_concentric_dashed_squares_mild,
          uniq_ijyb, uniq_edmund, uniq_prince_ribbit1
Sewer:    kennysheep_pipe_town

Skill      XL: |  1  2  3  4  5  6  7 |
---------------+----------------------+-----
Fighting       | 2 3 4 5 6 |  6.0
Spellcasting   | 2 3 |  3.0
Hexes          | 4 |  4.0
Ranged Weapons | 4 |  4.0
Stealth        | 4 |  4.6
Dodging        | |  2.4

Action                     |  1- 3 |  4- 6 |  7- 9 || total
---------------------------+-------+-------+-------++-------
  Melee: Dagger            |     8 |    45 |       ||    53
         Flail             |       |    13 |   102 ||   115
         Punch             |       |       |     3 ||     3
   Fire: Sling             |    85 |   160 |     6 ||   251
   Cast: Slow              |     3 |    23 |     3 ||    29
    Use: Potion            |       |     1 |     4 ||     5
         Scroll            |       |       |     1 ||     1
   Stab: Sleeping          |       |     1 |     4 ||     5
 Armour: Robe              |     2 |       |       ||     2
         Ring mail         |    12 |    54 |    66 ||   132
  Dodge: Dodged            |    44 |   128 |   110 ||   282

Levels and vault maps discovered:
D:1:      dpeg_arrival_connections, layout_loops_ring, serial_glass,
          glass_columns_a, glass_columns_c, glass_columns_a, glass_columns_a,
          glass_columns_c, nrook_mini_backslash
D:2:      layout_basic
D:3:      layout_loops_cross, shapermc_ecumenical_altar_starsandcircs,
          uniq_grinder
D:4:      layout_basic
D:5:      layout_cave_pools, minmay_temple_entry_fiery,
          lightli_sewer_entry_pipes, nicolae_concentric_dashed_squares_mild,
          uniq_ijyb, uniq_edmund, uniq_prince_ribbit1
Sewer:    kennysheep_pipe_town

Table legend: (Time is in decaauts)
 A = Elapsed time spent in this place.
 B = Non-inter-level travel time spent in this place.
 C = Inter-level travel time spent in this place.
 D = Time resting spent in this place.
 E = Time spent auto-exploring this place.
 F = Levels seen in this place.
 G = Mean time per level.
                   A        B        C        D        E       F      G
               +--------+--------+--------+--------+--------+-----+--------+
         Total |   5683 |   5408 |    275 |   1279 |   2520 |   6 |  947.2 |
       Dungeon |   5390 |   5115 |    275 |   1279 |   2346 |   5 | 1078.0 |
         Sewer |    292 |    292 |      0 |      0 |    174 |   1 |  292.0 |
               +--------+--------+--------+--------+--------+-----+--------+

Top non-repeatable levels by time:
     D:3: 1660 daAuts
     D:2: 1426 daAuts
     D:1: 1032 daAuts
     D:4: 1010 daAuts
   Sewer: 292 daAuts
     D:5: 261 daAuts

Table legend:
 A = Kills in this place as a percentage of kills in the entire game.
 B = Kills by you in this place as a percentage of kills by you in the entire game.
 C = Kills by friends in this place as a percentage of kills by friends in the entire game.
 D = Other kills in this place as a percentage of other kills in the entire game.
 E = Experience gained in this place as a percentage of experience gained in the entire game.
 F = Experience gained in this place divided by the number of levels of this place that you have seen.
                   A       B       C       D       E      F
               +-------+-------+-------+-------+-------+----------------------
         Total | 100.0 | 100.0 |   N/A |   N/A | 100.0 | 152.5
       Dungeon |  81.8 |  81.8 |   N/A |   N/A |  76.3 | 139.6
         Sewer |  18.2 |  18.2 |   N/A |   N/A |  23.7 | 217.0
               +-------+-------+-------+-------+-------+----------------------
